 Dungeon Crawl Stone Soup version 0.30-a0-341-g682706514a (webtiles) character file.

Game seed: 4473454419416584931

14987 Elric the Cleaver (level 11, -1/153 HPs)
             Began as a Minotaur Berserker on Nov 2, 2022.
             Was a High Priest of Trog.
             Succumbed to a gnoll sergeant's poison
             ... on level 10 of the Dungeon.
             The game lasted 00:15:01 (6624 turns).

Elric the Cleaver (Minotaur Berserker)              Turns: 6624, Time: 00:15:02

Health: -1/153     AC: 28    Str: 27    XL:     11   Next: 95%
Magic:  10/10      EV: 11    Int:  4    God:    Trog [*****.]
Gold:   612        SH:  0    Dex: 11    Spells: 10/10 levels left

rFire   + . .      SeeInvis +    L - +5 battleaxe (flame)
rCold   x . .      Faith    .    (shield currently unavailable)
rNeg    . . .      Spirit   .    k - +3 crystal plate armour
rPois   .          Reflect  .    (helmet restricted)
rElec   .          Harm     .    d - +0 cloak
rCorr   .          Rampage  .    (no gloves)
Will    +++..                    (no boots)
Stlth   ..........               s - amulet of regeneration
HPRegen 1.25/turn                t - +4 ring of evasion
MPRegen 0.12/turn                v - ring of Okawaru's Displeasure {rF+ rC- Will+++ Dex+2 SInv}

@: mighty, berserking (expiring), lethally poisoned (-1 -> -5), hasted, very
quick
A: horns 2, retaliatory headbutt
a: Renounce Religion, Berserk, Trog's Hand, Brothers in Arms


You were on level 10 of the Dungeon.
You worshipped Trog.
Trog was extremely pleased with you.
You visited 1 branch of the dungeon, and saw 10 of its levels.

You collected 612 gold pieces.

Inventory:

Hand Weapons
 a - a +0 hand axe
 r - a +0 battleaxe
 L - a +5 battleaxe of flaming (weapon)
Armour
 d - a +0 cloak (worn)
 k - a +3 crystal plate armour (worn)
 F - the +4 ring mail "Puoqup" {Slay+6}
   (You found it on level 7 of the Dungeon)

   Slay:      It affects your accuracy & damage with ranged weapons and melee
   (+6).
Jewellery
 q - a ring of ice
 s - an amulet of regeneration (around neck)
 t - a +4 ring of evasion (left hand)
 v - the ring of Okawaru's Displeasure (right hand) {rF+ rC- Will+++ Dex+2 SInv}
   (You found it on level 5 of the Dungeon)

   [ring of see invisible]

   Dex:       It affects your dexterity (+2).
   rF:        It protects you from fire.
   rC:        It makes you vulnerable to cold.
   SInv:      It lets you see invisible.
   Will:      It greatly increases your willpower.
Wands
 e - a wand of light (16)
 A - a wand of mindburst (17)
 B - a wand of roots (1)
 E - a wand of digging (11)
 K - a wand of charming (7)
Scrolls
 f - 3 scrolls of fog
 g - 8 scrolls of teleportation
 l - a scroll of blinking
 n - 6 scrolls of noise
 p - a scroll of magic mapping
 w - 2 scrolls of immolation
 x - a scroll of summoning
 y - 2 scrolls of torment
Potions
 c - a potion of haste
 h - 2 potions of brilliance
 j - a potion of heal wounds
 m - a potion of curing {unknown}
 o - a potion of might
 z - a potion of berserk rage
 H - 3 potions of attraction
Miscellaneous
 M - a lightning rod (4/4)


   Skills:
 - Level 11.3 Fighting
 + Level 14.9 Axes
 - Level 14.7 Armour
 - Level 2.1 Dodging


You had 10 spell levels left.
You didn't know any spells.
Your spell library was empty.

Dungeon Overview and Level Annotations

Branches:
Dungeon (10/15)            Temple (0/1) D:5            Lair (0/5) D:10
    Orc (0/2) D:9

Altars:
Dithmenos
Elyvilon
Gozag
Makhleb
Ru
Zin

Shops:
D:7 !   D:9 *

Annotations:
D:5 2 transporters, generaletaddeo's ghost, novice HOHu


Innate Abilities, Weirdness & Mutations

You have a pair of horns on your head.
You reflexively headbutt those who attack you in melee.


Message History

Your headbutt misses the gnoll sergeant.
The gnoll sergeant is severely wounded.
You completely miss the yak. You slice the orc!! You burn the orc.
You kill the orc!
Trog accepts your kill.
You slash the gnoll! You burn the gnoll.
You feel the power of Trog in you as your rage grows.
You kill the gnoll!
Trog accepts your kill.
You hear a splash.
* * * LOW HITPOINT WARNING * * *
You feel very sick. The gnoll sergeant misses you.
You barely miss the orc. You slice the gnoll sergeant!!
You burn the gnoll sergeant.
You kill the gnoll sergeant!
Trog accepts your kill.
You slash the yak! You burn the yak. You slash the orc! You burn the orc.
You kill the orc!
Trog accepts your kill.
* * * LOW HITPOINT WARNING * * *
You feel very sick. The yak gores you but does no damage.
The orc hits you but does no damage.
You closely miss the orc. You slash the yak! You burn the yak.
You kill the yak!
Trog accepts your kill.
* * * LOW HITPOINT WARNING * * *
You feel very sick.
You barely miss the orc. You headbutt the orc.
You feel the power of Trog in you as your rage grows.
You kill the orc!
Trog accepts your kill.
* * * LOW HITPOINT WARNING * * *
You feel very sick.
* * * LOW HITPOINT WARNING * * *
You feel very sick.
Things that are here:
a +0 shortbow; a yak corpse; a centaur corpse You feel a strong urge to attack something.
You die...

#.......................
#+#..............#........
..........................
...###+#..................
#..~~≈~~~~.........
#..~#####≈.######'# #).≈#
#~.....<... #[)~#
#≈......... #.@)#
.#~.........
+.))##.##~.........
#.))†)~~~~.........
#..))).....#+######
...............
...............
................
................
................


There were no monsters in sight!

Vanquished Creatures
  Gastronok (D:8)
  Snorg (D:10)
  A boulder beetle (D:9)
  A death yak (D:10)
  A tengu warrior (D:9)
  A two-headed ogre (D:10)
  Pikel (D:4)
  An ugly thing (D:9)
  A cyclops (D:9)
  An unseen horror (shapeshifter) (D:9)
  A troll (D:9)
  A hornet (D:9)
  2 wraiths (D:9)
  5 yaks
  2 steam dragons
  4 vampire mosquitoes (D:10)
  3 wargs (D:9)
  An acid dragon (D:9)
  4 water moccasins
  3 orc warriors
  2 black bears (D:5)
  3 ice beasts
  A phantom (D:6)
  4 centaurs
  4 lemures (D:4)
  6 bullfrogs
  8 kobold brigands
  2 necrophages
  6 gnoll sergeants
  A scorpion (D:5)
  11 wights
  4 howler monkeys (D:9)
  An electric eel (D:9)
  A gnoll bouda (D:5)
  2 hounds (D:6)
  6 orc priests
  Terence (D:3)
  2 iguanas
  6 orc wizards
  Robin (D:3)
  19 gnolls
  14 adders
  A white imp (D:7)
  A worm (D:5)
  2 dart slugs (D:2)
  25 orcs
  11 endoplasms
  5 giant cockroaches
  26 goblins
  8 hobgoblins
  5 jackals
  A quokka (D:5)
  7 ball pythons
  5 bats
  6 frilled lizards
  41 kobolds
  5 rats
290 creatures vanquished.

Vanquished Creatures (collateral kills)
  2 death yaks (D:10)
  A manticore (shapeshifter) (D:9)
  5 yaks (D:10)
  A gnoll (D:10)
9 creatures vanquished.

Vanquished Creatures (others)
  2 orc wizards (D:9)
  10 fungi (D:9)
12 creatures vanquished.

Grand Total: 311 creatures vanquished

Notes
Turn   | Place    | Note
-------+----------+-------------------------------------------
     0 | D:1      | Elric the Minotaur Berserker began the quest for the Orb.
     0 | D:1      | Reached XP level 1. HP: 19/19 MP: 0/0
   100 | D:1      | Reached XP level 2. HP: 27/27 MP: 1/1
   596 | D:2      | Reached XP level 3. HP: 34/34 MP: 2/2
   616 | D:2      | Reached ** piety under Trog
   769 | D:2      | Reached XP level 4. HP: 41/41 MP: 3/3
  1046 | D:3      | Found an opulent altar of Gozag.
  1227 | D:3      | Found a white marble altar of Elyvilon.
  1256 | D:3      | Noticed Robin
  1264 | D:3      | Killed Robin
  1274 | D:3      | Reached *** piety under Trog
  1366 | D:3      | Reached skill level 5 in Axes
  1366 | D:3      | Reached XP level 5. HP: 47/47 MP: 4/4
  1476 | D:3      | Reached skill level 5 in Fighting
  1567 | D:3      | Noticed Terence
  1576 | D:3      | Killed Terence
  1865 | D:4      | Reached skill level 5 in Armour
  1868 | D:4      | Noticed a lemure
  1869 | D:4      | Noticed a lemure
  1869 | D:4      | Noticed a lemure
  1869 | D:4      | Noticed a lemure
  1869 | D:4      | Noticed Pikel
  1877 | D:4      | Killed a lemure
  1881 | D:4      | Killed a lemure
  1885 | D:4      | Killed a lemure
  1887 | D:4      | Killed a lemure
  1889 | D:4      | Killed Pikel
  1890 | D:4      | Reached XP level 6. HP: 57/57 MP: 5/5
  1890 | D:4      | Reached XP level 7. HP: 63/63 MP: 6/6
  1958 | D:4      | Found a sacrificial altar of Ru.
  2280 | D:5      | Entered Level 5 of the Dungeon
  2326 | D:5      | Identified the ring of Okawaru's Displeasure {rF+ rC-
                  | Will+++ Dex+2 SInv}
  2349 | D:5      | Noticed a hornet
  2360 | D:5      | Reached XP level 8. HP: 71/71 MP: 7/7
  2364 | D:5      | Noticed generaletaddeo's ghost (novice HOHu)
  2365 | D:5      | Found a transporter.
  2379 | D:5      | Found a transporter.
  2400 | D:5      | Reached **** piety under Trog
  2754 | D:5      | Found a staircase to the Ecumenical Temple.
  3763 | D:7      | Reached skill level 10 in Armour
  3763 | D:7      | Reached XP level 9. HP: 81/81 MP: 8/8
  3765 | D:7      | Identified the +4 ring mail "Puoqup" {Slay+6}
  3795 | D:7      | Found a glowing silver altar of Zin.
  3972 | D:7      | Found Howujud's Distillery.
  4380 | D:8      | Reached ***** piety under Trog
  4618 | D:8      | Found a burning altar of Makhleb.
  4795 | D:8      | Noticed Gastronok
  4811 | D:8      | Killed Gastronok
  4812 | D:8      | Reached XP level 10. HP: 59/93 MP: 9/9
  4977 | D:8      | Found a shadowy altar of Dithmenos.
  5112 | D:9      | Found Yhoreic's Changing Room.
  5212 | D:9      | Reached skill level 10 in Fighting
  5250 | D:9      | Reached skill level 10 in Axes
  5278 | D:9      | Noticed a green ugly thing
  5285 | D:9      | Killed a green ugly thing
  5285 | D:9      | Noticed a tengu warrior
  5286 | D:9      | Noticed a manticore
  5290 | D:9      | Killed a manticore
  5295 | D:9      | Killed a tengu warrior
  5299 | D:9      | Noticed a cyclops
  5313 | D:9      | Killed a cyclops
  5355 | D:9      | Reached XP level 11. HP: 90/102 MP: 10/10
  5408 | D:9      | Noticed a boulder beetle
  5421 | D:9      | Killed a boulder beetle
  5864 | D:9      | Found a staircase to the Orcish Mines.
  6196 | D:9      | Gained mutation: You are frail. (-10% HP) [potion of
                  | mutation]
  6196 | D:9      | Lost mutation: You are frail. (-10% HP) [potion of
                  | mutation]
  6493 | D:10     | Entered Level 10 of the Dungeon
  6510 | D:10     | Noticed a two-headed ogre
  6514 | D:10     | Killed a two-headed ogre
  6528 | D:10     | Noticed a death yak
  6530 | D:10     | Noticed a death yak
  6531 | D:10     | Noticed a death yak
  6531 | D:10     | Received a gift from Trog
  6534 | D:10     | Killed a death yak
  6536 | D:10     | Killed a death yak
  6538 | D:10     | Killed a death yak
  6541 | D:10     | Found a staircase to the Lair.
  6580 | D:10     | Noticed Snorg
  6592 | D:10     | Killed Snorg
  6621 | D:10     | HP: 7/153 [poisoned by a gnoll sergeant]
  6623 | D:10     | HP: 1/153 [poisoned by a gnoll sergeant]
  6624 | D:10     | Succumbed to a gnoll sergeant's poison

Illustrated notes

Levels and vault maps discovered:
D:1:      psy_arrival_spokes, layout_rooms, minivault_23
D:2:      layout_rooms
D:3:      layout_loops_ring, elyvilon_altar_5, mainiacjoe_overflow_paths,
          grunt_ministairs_1, uniq_robin, uniq_terence
D:4:      layout_gridville, nicolae_ru_great_annihilating_truth, uniq_pikel
D:5:      layout_loops_ring, minmay_temple_entry_glassed_door,
          gammafunk_ghost_hive
D:6:      layout_cave_pods, chequers_serial_rivers_micro_c
D:7:      layout_rooms, general_overflow_altar, serial_shops,
          nicolae_shop_hallway_plus
D:8:      layout_loops_cross, nicolae_dithmenos_through_a_glass_darkly,
          kennysheep_mini_moat, hangedman_decor_lopped, grunt_ministairs_14,
          chequers_serial_rivers_micro_d, uniq_gastronok
D:9:      nzn_winding_woodlands_cross [nzn_winding_woodlands_5x15_twine,
          nzn_winding_woodlands_5x15_sidewinder,
          nzn_winding_woodlands_5x15_pool, nzn_winding_woodlands_5x15_parted,
          nzn_winding_woodlands_15x15_thick_spiral], layout_basic,
          minmay_orc_entry_guard_dogs, fungi_pond_lemuel,
          nicolae_transmutations_shop
D:10:     layout_gridville, dpeg_lair_monsters, enter_bailey_3, uniq_snorg

Skill      XL: |  1  2  3  4  5  6  7  8  9 10 11 |
---------------+----------------------------------+-----
Fighting       | 4 6 8 9 11 | 11.3
Axes           | 4 5 6 8 9 11 14 | 14.9
Armour         | 3 4 6 7 10 12 14 | 14.7
Dodging        | |  2.1

Action                   |  1- 3 |  4- 6 |  7- 9 | 10-12 || total
-------------------------+-------+-------+-------+-------++-------
Melee: Hand axe          |    79 |   127 |   321 |       ||   527
       Headbutt          |    11 |    17 |    68 |    38 ||   134
       Punch             |       |       |     4 |       ||     4
       Battleaxe         |       |       |    38 |   184 ||   222
Invok: Berserk           |       |     1 |     3 |     2 ||     6
       Brothers in Arms  |       |       |       |     3 ||     3
       Trog's Hand       |       |       |       |     2 ||     2
  Use: Scroll            |       |       |    11 |     5 ||    16
       Potion            |       |       |       |    14 ||    14
 Stab: Paralysed         |       |       |     1 |       ||     1
Armor: Animal skin       |     2 |       |       |       ||     2
       Crystal plate arm |    44 |   121 |   193 |   212 ||   570
       Ring mail         |     6 |       |    21 |       ||    27
Dodge: Dodged            |    30 |    25 |   168 |   136 ||   359

Table legend: (Time is in decaauts)
 A = Elapsed time spent in this place.
 B = Non-inter-level travel time spent in this place.
 C = Inter-level travel time spent in this place.
 D = Time resting spent in this place.
 E = Time spent auto-exploring this place.
 F = Levels seen in this place.
 G = Mean time per level.
                   A        B        C        D        E       F      G
               +--------+--------+--------+--------+--------+-----+--------+
         Total |   6699 |   6499 |    200 |    543 |   4408 |  10 |  669.9 |
       Dungeon |   6699 |   6499 |    200 |    543 |   4408 |  10 |  669.9 |
               +--------+--------+--------+--------+--------+-----+--------+

Top non-repeatable levels by time:
     D:9: 1454 daAuts
     D:3: 810 daAuts
     D:8: 772 daAuts
     D:6: 770 daAuts
     D:5: 667 daAuts
     D:7: 599 daAuts
     D:1: 559 daAuts
     D:2: 473 daAuts
     D:4: 464 daAuts
    D:10: 127 daAuts
